 Dungeon Crawl Stone Soup version 0.21-a0-525-ga34b322 (webtiles) character file.

25 slep the Chopper (level 2, -4/22 HPs)
             Began as a Demonspawn Gladiator on Dec 8, 2017.
             Slain by Sigmund
             ... wielding a +0 scythe
              (7 damage)
             ... on level 2 of the Dungeon.
             The game lasted 00:02:36 (986 turns).

slep the Chopper (Demonspawn Gladiator)              Turns: 986, Time: 00:02:37

Health: -4/22      AC:  6    Str: 14    XL:     2   Next: 86%
Magic:  2/2        EV: 13    Int:  9    God:
Gold:   107        SH:  0    Dex: 14    Spells: 1/1 levels left

rFire    . . .     SeeInvis .   a - +0 war axe
rCold    . . .     Gourm    .   (no shield)
rNeg     . . .     Faith    .   b - +0 leather armour
rPois    .         Spirit   .   c - +0 helmet
rElec    .         Reflect  .   (no cloak)
rCorr    .         Harm     .   (no gloves)
MR       .....                  (no boots)
Stlth    +.........             (no amulet)
HPRegen  0.07/turn              (no ring)
MPRegen  0.08/turn              (no ring)

@: no status effects
A: yellow scales 1
a: no special abilities


You were on level 2 of the Dungeon.
You were not hungry.

You visited 1 branch of the dungeon, and saw 2 of its levels.

You collected 107 gold pieces.

Inventory:

Hand Weapons
 a - a +0 war axe (weapon)
Armour
 b - a +0 leather armour (worn)
 c - a +0 helmet (worn)
Jewellery
 g - an uncursed ring of ice
Scrolls
 h - a scroll of identify {unknown}
Potions
 e - 2 potions of curing {unknown}
 j - a potion of cancellation {unknown}
Comestibles
 f - a bread ration
 i - a meat ration


   Skills:
 + Level 2.1 Fighting
 + Level 3.1 Axes
 + Level 1.8 Throwing
 + Level 0.2 Armour
 + Level 3.1 Dodging


You had one spell level left.
You didn't know any spells.

Dungeon Overview and Level Annotations

Branches:
Dungeon (2/15)

Altars:

Annotations:
D:2 Sigmund


Innate Abilities, Weirdness & Mutations

You are partially covered in yellow scales. (AC +2)


Message History

Sigmund is moderately wounded.
Sigmund struggles against the net.
The net rips apart, and Sigmund comes free!
Sigmund barely misses you.
You closely miss Sigmund.
Sigmund is moderately wounded.
Sigmund misses you.
You hit Sigmund but do no damage.
Sigmund is moderately wounded.
You hit Sigmund but do no damage.
Sigmund is moderately wounded.
Sigmund hits you with a scythe.
* * * LOW HITPOINT WARNING * * *
Throwing (i - inventory):
d - a throwing net (quivered)
Press: ? - help, Shift-Dir - straight line, f/p - Sigmund
Aim: Sigmund, wielding a scythe and wearing a glowing robe (moderately wounded)
You throw a throwing net.
The throwing net closely misses Sigmund.
Sigmund hits you with a scythe!
You die...

.. .<. ..#
####.# ..#.#
# #.#.#.#
#.#####.#.#.#
#......@....#
#######@#.###
###
#.#.#########
##..
#.#.........#
#...
#.#.#######.#
#... #.#.#
#.# #...
#.#.#
#.###...
#(###
#....(..
#######.


You could see Sigmund.

Vanquished Creatures
  A worm (D:2)
  A dart slug (D:1)
  3 hobgoblins (D:1)
  5 bats
  3 frilled lizards
  4 goblins (D:1)
  3 kobolds
  3 rats (D:1)
23 creatures vanquished.

Notes
Turn   | Place    | Note
-------+----------+-------------------------------------------
     0 | D:1      | slep the Demonspawn Gladiator began the quest for the Orb.
     0 | D:1      | Reached XP level 1. HP: 16/16 MP: 1/1
   141 | D:1      | Gained mutation: You are partially covered in yellow scales. (AC +2) [demonic ancestry]
   141 | D:1      | Reached XP level 2. HP: 22/22 MP: 2/2
   968 | D:2      | Noticed Sigmund
   986 | D:2      | Slain by Sigmund

Vault maps used:
D:1:      eino_arrival_water_star, hangedman_abyss_or_decor_lesser_grid
D:2:      overflow_temple_1_default, first_bread, uniq_sigmund, uniq_robin

Skill      XL: |  1  2 |
---------------+-------+-----
Dodging        | 3 |  3.1
Axes           | 3 |  3.1
Fighting       | |  2.1
Throwing       | |  1.8
Armour         | |  0.2

Action                   || total
-------------------------++-------
Melee: War axe           ||    62
Throw: Throwing net      ||     3
 Stab: Sleeping          ||     1
Armor: Leather armour    ||    19
Dodge: Dodged            ||    43

Table legend:
 A = Spawn XP
 B = Non-spawn XP
 C = Spawn XP percentage of total XP
 D = Spawn monster count
 E = Non-spawn monster count
 F = Spawn count percentage of total count
 G = Total turns spent on level
                    A         B        C        D         E        F      G
               +---------+---------+-------+---------+---------+-------+---------
         Total |       0 |      37 |   0.0 |       0 |      23 |   0.0 |   986
               +---------+---------+-------+---------+---------+-------+---------
           D:1 |       0 |      26 |   0.0 |       0 |      18 |   0.0 |   893
           D:2 |       0 |      11 |   0.0 |       0 |       5 |   0.0 |    93
               +---------+---------+-------+---------+---------+-------+---------
